 Dungeon Crawl Stone Soup version 0.29-a0-780-g652cadfb38 (webtiles) character file.

Game seed: 6133381865485622305

33 Lekart the Trooper (level 3, -2/33 HPs)
             Began as a Draconian Fighter on July 2, 2022.
             Slain by an orc
             ... wielding a +0 trident
              (6 damage)
             ... on level 2 of the Dungeon.
             The game lasted 00:00:47 (545 turns).

Lekart the Trooper (Draconian Fighter)               Turns: 545, Time: 00:00:48

Health: -2/33      AC:  5    Str: 20    XL:     3   Next: 12%
Magic:  3/3        EV: 12    Int:  8    God:
Gold:   43         SH:  4    Dex: 10    Spells: 2/2 levels left

rFire   . . .      SeeInvis .   a - +0 war axe
rCold   . . .      Faith    .   b - +0 buckler
rNeg    . . .      Spirit   .   (body armour unavailable)
rPois   .          Reflect  .   (helmet restricted)
rElec   .          Harm     .   (no cloak)
rCorr   .          Rampage  .   (no gloves)
Will    .....                   (no boots)
Stlth   +.........              (no amulet)
HPRegen 0.11/turn               (no ring)
MPRegen 0.08/turn               (no ring)

@: no status effects
A: AC +5, unfitting armour, cold-blooded
a: no special abilities


You were on level 2 of the Dungeon.
You visited 1 branch of the dungeon, and saw 2 of its levels.

You collected 43 gold pieces.

Inventory:

Hand Weapons
 a - a +0 war axe (weapon)
Armour
 b - a +0 buckler (worn)
Potions
 c - a potion of might
 d - a potion of berserk rage {unknown}
 e - a potion of flight {unknown}


   Skills:
 + Level 3.9 Fighting
 + Level 2.4 Axes
 + Level 2.9 Dodging
 + Level 3.2 Shields


You had 2 spell levels left.
You didn't know any spells.
Your spell library was empty.

Dungeon Overview and Level Annotations

Branches:
Dungeon (1/15)

Altars:


Innate Abilities, Weirdness & Mutations

Your plain brown scales are hard. (AC +5)
You cannot fit into any form of body armour.
You are cold-blooded and may be slowed by cold attacks.


Message History

You slash the orc!
You kill the orc!
You hit the endoplasm. The endoplasm freezes you.
You are frozen.
The endoplasm hits you but does no damage.
You slash the endoplasm!
You kill the endoplasm!
The orc barely misses you.
You barely miss the worm. You block the orc's attack.
You block the worm's attack. The orc closely misses you.
You hit the worm.
The worm is moderately wounded.
The orc hits you from afar with a +0 trident.
The worm bites you.
You hit the worm but do no damage.
The worm is lightly wounded.
The orc hits you from afar with a +0 trident.
You are too injured to fight recklessly!
You are too injured to fight recklessly!
You are too injured to fight recklessly!
You are too injured to fight recklessly!
You hit the worm.
The worm is moderately wounded.
The orc closely misses you. The worm bites you but does no damage.
The orc hits you from afar with a +0 trident!
* * * LOW HITPOINT WARNING * * *
You barely miss the worm.
The worm is moderately wounded.
The orc closely misses you. The worm bites you.
* * * LOW HITPOINT WARNING * * *
You hit the worm. You tail-slap the worm.
The worm is heavily wounded.
The orc closely misses you. The worm bites you.
* * * LOW HITPOINT WARNING * * *
You block the orc's attack.
You slash the worm!
You kill the worm!
The orc hits you from afar with a +0 trident.
You die... #.# #.# ##.# ## ..# ... oo#

.... .######o##....#
......))†!....#
.###########@######
....................
.###########....####
####.# .# #


You could see 3 orcs.

Vanquished Creatures
  A worm (D:2)
  2 dart slugs (D:1)
  2 orcs (D:2)
  2 ball pythons (D:1)
  4 bats (D:1)
  2 endoplasms
  2 goblins (D:1)
  3 hobgoblins (D:1)
  2 jackals (D:1)
  2 kobolds (D:1)
  A frilled lizard (D:1)
  A rat (D:1)
24 creatures vanquished.

Notes
Turn   | Place    | Note
-------+----------+-------------------------------------------
     0 | D:1      | Lekart the Draconian Fighter began the quest for the Orb.
     0 | D:1      | Reached XP level 1. HP: 19/19 MP: 1/1
   196 | D:1      | Reached XP level 2. HP: 27/27 MP: 2/2
   356 | D:1      | You fall into a shaft and drop 1 floor!
   536 | D:2      | Reached XP level 3. HP: 33/33 MP: 3/3
   545 | D:2      | Slain by an orc

Illustrated notes

Levels and vault maps discovered:
D:1:      wander_arrival_peaceful_grave, layout_rooms,
          hellmonk_ecumenical_altar_blasted
D:2:      layout_basic, serial_shops, nicolae_shop_overgrown_old_shop

Action                   || total
-------------------------++-------
Melee: War axe           ||    45
       Tailslap          ||     6
  Use: Scroll            ||     1
Armor: Skin              ||    17
Dodge: Dodged            ||    42
Block: Buckler           ||    12

Table legend: (Time is in decaauts)
 A = Elapsed time spent in this place.
 B = Non-inter-level travel time spent in this place.
 C = Inter-level travel time spent in this place.
 D = Time resting spent in this place.
 E = Time spent auto-exploring this place.
 F = Levels seen in this place.
 G = Mean time per level.
                   A        B        C        D        E       F      G
               +--------+--------+--------+--------+--------+-----+--------+
         Total |    564 |    564 |      0 |    175 |    273 |   2 |  282.0 |
       Dungeon |    564 |    564 |      0 |    175 |    273 |   2 |  282.0 |
               +--------+--------+--------+--------+--------+-----+--------+

Top non-repeatable levels by time:
     D:1: 371 daAuts
     D:2: 193 daAuts
